 Dungeon Crawl Stone Soup version 0.26-a0-712-ga5a9c9c9d0 (webtiles) character file.

Game seed: 15854913625233141380

149 OTABOTABOTAB the Skirmisher (level 5, -4/28 HPs)
             Began as a Vine Stalker Fighter on Nov 2, 2020.
             Killed by divine providence
             ... invoked by an orc priest
              (11 damage)
             ... on level 2 of the Dungeon.
             The game lasted 00:02:18 (1314 turns).

OTABOTABOTAB the Skirmisher (Vine Stalker Fighter)  Turns: 1314, Time: 00:02:18

Health: -4/28      AC:  6    Str: 20    XL:     5   Next: 31%
Magic:  0/6        EV:  7    Int:  8    God:
Gold:   151        SH:  9    Dex: 13    Spells: 4/4 levels left

rFire    . . .     SeeInvis .   a - +0 dagger (flame)
rCold    . . .     Faith    .   c - +0 kite shield
rNeg     . . .     Spirit   +   b - +0 scale mail
rPois    .         Reflect  .   (no helmet)
rElec    .         Harm     .   (no cloak)
rCorr    .         Rampage  .   (no gloves)
MR       .....                  (no boots)
Stlth    ..........             (no amulet)
HPRegen  0.49/turn              (no ring)
MPRegen  0.10/turn              (no ring)

@: mighty
A: fangs 2, regeneration 1, magic shield, antimagic bite, no potion heal 3, rot
immunity
a: no special abilities


You were on level 2 of the Dungeon.
You visited 1 branch of the dungeon, and saw 3 of its levels.

You collected 151 gold pieces.

Inventory:

Hand Weapons
 a - a +0 dagger of flaming (weapon)
   (You found it on level 1 of the Dungeon)
Armour
 b - a +0 scale mail (worn)
 c - a +0 kite shield (worn)
Jewellery
 p - an uncursed ring of poison resistance {rPois, !d}
   (You took it off a kobold on level 2 of the Dungeon)
Scrolls
 e - a scroll of noise {unknown}
 g - 2 scrolls of teleportation {unknown}
 h - 2 scrolls of enchant armour {unknown}
 i - 2 scrolls of blinking {unknown}
 k - 2 scrolls of identify {unknown}
 l - a scroll of fog {unknown}
 m - a scroll of amnesia {unknown}
 o - a scroll of remove curse {unknown}
Potions
 f - 2 potions of magic {unknown}
 j - a potion of cancellation {unknown}
 n - a potion of invisibility {unknown}
 q - a potion of brilliance {unknown}


   Skills:
 + Level 3.3 Fighting
 * Level 3.3 Short Blades
 + Level 3.0 Armour
 + Level 3.3 Shields


You had 4 spell levels left.
You didn't know any spells.
Your spell library was empty.

Dungeon Overview and Level Annotations

Branches:
Dungeon (3/15)

Altars:
Trog


Innate Abilities, Weirdness & Mutations

You have extremely sharp teeth.
Your natural rate of healing is unusually fast.
When hurt, damage is shared between your health and your magic reserves.
Your bite disrupts and absorbs the magic of your enemies.
Potions cannot restore your health.
You are immune to rotting.


Message History

q - a bubbling inky potion
i - 2 scrolls labeled HUOR YRASHRI (gained 1)
You now have 151 gold pieces (gained 34).
Items here: ( ) †††.
Things that are here:
a +0 club; a goblin corpse
g - 2 scrolls labeled GUHEOMM AVUEKI (gained 1)
k - 2 scrolls labeled HUTWAO UMMY (gained 1)
You see here a rapier.
Done exploring.
Done exploring.
Done exploring.
Done exploring.
(D) Dungeon
Where to? (Enter - D:2, ? - help)
There is a stone staircase leading down here.
You climb downwards.
A jackal, a kobold and an orc come into view.
The kobold shouts!
The jackal barks!
You hear a bark!
You hear a shout! x2
There is a stone staircase leading up here.
A jackal comes into view.
The jackal completely misses you.
A goblin comes into view.
An orc comes into view. It is wielding a +0 club.
The goblin shouts!
You hear a shout!
You block the jackal's attack.
An orc priest comes into view. It is wielding a -3 whip.
The jackal barely misses you.
You hear a shout!
You hear a shout! x2
You block the jackal's attack. The jackal barely misses you.
A jackal comes into view.
An orc comes into view. It is wielding a +0 falchion.
The jackal barks!
The jackal bites you. You block the jackal's attack.
The kobold barely misses you. You block the jackal's attack.
You climb upwards.
There is a stone staircase leading down here.
You take 1 damage, and have 27/28 hp.
You closely miss the jackal.
The jackal bites you but does no damage.
You barely miss the jackal. Your bite misses the jackal.
You block the kobold's attack. The jackal bites you.
You hit the jackal. You burn the jackal. You bite the jackal.
You kill the jackal!
The kobold hits you but does no damage.
Unknown command.
You hit the kobold. You burn the kobold.
You kill the kobold!
Your scale mail prevents you from hitting the jackal.
Your bite misses the jackal. You block the jackal's attack.
The jackal bites you but does no damage.
Health restored: 28 You hit the jackal.
You burn the jackal. Your bite misses the jackal. The jackal bites you.
You take 1 damage, and have 27/28 hp.
You now have 5/6 mp.
You closely miss the jackal. You block the jackal's attack.
The jackal barely misses you.
Health restored: 28 Unknown command.
You completely miss the jackal. You bite the jackal.
You kill the jackal!
No target in view!
You climb downwards.
A quokka and an orc come into view.
The orc shouts!
The orc hits you but does no damage. x2
The goblin hits you but does no damage. The orc hits you but does no damage. x2
There is a stone staircase leading up here.
You block the orc's attack. You block the goblin's attack.
The orc hits you with a +0 hand axe. The orc priest closely misses you.
The orc hits you with a +0 falchion.
You climb upwards.
There is a stone staircase leading down here.
You take 5 damage, and have 23/28 hp.
You barely miss the orc. Your bite misses the orc. You block the orc's attack.
You barely miss the orc. Your bite misses the orc.
The orc hits you but does no damage.
You hit the orc but do no damage. Your bite misses the orc.
You block the orc's attack. x2
The orc priest invokes the aid of Beogh against you.
Beogh smites you!
You take 10 damage, and have 14/28 hp.
MASSIVE DAMAGE!!
You now have 3/6 mp.
You are too injured to fight recklessly!
You are too injured to fight recklessly!
Unknown command.
You hit the orc. You burn the orc. The orc hits you but does no damage.
The orc hits you with a +0 falchion.
You take 5 damage, and have 9/28 hp.
You hit the orc but do no damage. You bite the orc, but do no damage.
The orc priest looks braver for a moment.
You block the orc's attack. The orc hits you with a +0 falchion.
* * * LOW HITPOINT WARNING * * *
You take 2 damage, and have 7/28 hp.
You now have 1/6 mp.
You feel very mighty all of a sudden.
The orc priest calls down the wrath of Beogh upon you.
Beogh smites you!
You die...

#.# #.# #.## #.#
#..# #.# ##.# #.#
#.# #.# #.# #.#
#### #.# #o#
...#####.# #o#
##.......# #@#
######### #o# #g#
#o#
################.#
.................#
##################
# #


You could see an orc priest, 3 orcs and a goblin.

Vanquished Creatures
  A centaur zombie (D:2)
  5 adders (D:2)
  An ooze (D:1)
  A worm (D:2)
  A dart slug (D:2)
  6 bats
  5 giant cockroaches
  8 goblins
  3 hobgoblins
  11 jackals
  2 frilled lizards
  6 kobolds
  10 rats
60 creatures vanquished.

Notes
Turn   | Place    | Note
-------+----------+-------------------------------------------
     0 | D:1      | OTABOTABOTAB the Vine Stalker Fighter began the quest for
                  | the Orb.
     0 | D:1      | Reached XP level 1. HP: 11/11 MP: 2/2
    23 | D:1      | Reached skill level 2 in Short Blades
    26 | D:1      | Reached XP level 2. HP: 16/16 MP: 3/3
   164 | D:1      | Reached XP level 3. HP: 19/19 MP: 4/4
   397 | D:2      | Reached skill level 3 in Fighting
   551 | D:2      | Reached skill level 3 in Shields
   551 | D:2      | Gained mutation: Your natural rate of healing is unusually
                  | fast. [Vine Stalker growth]
   551 | D:2      | Reached XP level 4. HP: 17/24 MP: 3/5
   580 | D:2      | Found a bloodstained altar of Trog.
   634 | D:2      | Reached skill level 3 in Short Blades
   724 | D:2      | Reached skill level 3 in Armour
   747 | D:2      | Reached XP level 5. HP: 27/28 MP: 6/6
  1313 | D:2      | HP: 7/28 [orc/+0 falchion (3)]
  1314 | D:2      | Killed from afar by an orc priest

Illustrated notes

Levels and vault maps discovered:
D:1:      grunt_arrival_crossed_arrows, layout_rooms
D:2:      layout_loops_ring, nicolae_overflow_crystal_walls, minmay_tetromino_t4
D:3:      layout_rooms, old_standard_altar, gammafunk_temple_overflow_pools,
          minmay_box_of_dots

Skill      XL: |  1  2  3  4 |
---------------+-------------+-----
Short Blades   | 2 3 |  3.3
Fighting       | 3 |  3.3
Shields        | 3 |  3.3
Armour         | 3 |  3.0

Action                   |  1- 3 |  4- 6 || total
-------------------------+-------+-------++-------
Melee: Rapier            |    53 |       ||    53
       Bite              |    18 |    30 ||    48
       Dagger            |    17 |   101 ||   118
  Use: Potion            |       |     1 ||     1
Armor: Scale mail        |    29 |    32 ||    61
Dodge: Dodged            |    24 |    24 ||    48
Block: Kite shield       |    44 |    40 ||    84

Table legend: (Time is in decaauts)
 A = Elapsed time spent in this place.
 B = Non-inter-level travel time spent in this place.
 C = Inter-level travel time spent in this place.
 D = Time resting spent in this place.
 E = Time spent auto-exploring this place.
 F = Levels seen in this place.
 G = Mean time per level.
                   A        B        C        D        E       F      G
               +--------+--------+--------+--------+--------+-----+--------+
         Total |   1315 |   1228 |     87 |      6 |    870 |   3 |  438.3 |
       Dungeon |   1315 |   1228 |     87 |      6 |    870 |   3 |  438.3 |
               +--------+--------+--------+--------+--------+-----+--------+

Top non-repeatable levels by time:
     D:2: 868 daAuts
     D:1: 436 daAuts
     D:3: 10 daAuts

Table legend:
 A = Kills in this place as a percentage of kills in entire the game.
 B = Kills by you in this place as a percentage of kills by you in the entire game.
 C = Kills by friends in this place as a percentage of kills by friends in the entire game.
 D = Other kills in this place as a percentage of other kills in the entire game.
 E = Experience gained in this place as a percentage of experience gained in the entire game.
 F = Experience gained in this place divided by the number of levels of this place that you have seen.
                   A       B       C       D       E      F
               +-------+-------+-------+-------+-------+----------------------
         Total | 100.0 | 100.0 |   N/A |   N/A | 100.0 |  71.3
       Dungeon | 100.0 | 100.0 |   N/A |   N/A | 100.0 |  71.3
               +-------+-------+-------+-------+-------+----------------------
